 Dungeon Crawl Stone Soup version 0.19-a0-1888-g6ba2374 (webtiles) character file.

82 Naow the Chopper (level 4, -3/35 HPs)
             Began as a Formicid Fighter on Oct 17, 2016.
             Slain by Naow's ghost (15 damage)
             ... on level 3 of the Dungeon.
             The game lasted 00:02:08 (1540 turns).

Naow the Chopper (Formicid Fighter)                 Turns: 1540, Time: 00:02:09

Health: -3/35      AC:  6    Str: 26    XL:     4   Next: 70%
Magic:  4/4        EV:  8    Int:  8    God:
Gold:   113        SH: 10    Dex: 10    Spells: 0 memorised, 3 levels left

rFire  . . .     SeeInvis +     a - +0 war axe
rCold  . . .     Gourm    .     b - +0 scale mail
rNeg   . . .     Faith    .     c - +0 shield
rPois  .         Spirit   .     (helmet unavailable)
rElec  .         Dismiss  .     (no cloak)
rCorr  .         Reflect  .     (no gloves)
MR     .....     Harm     .     (no boots)
Stlth  ..........               (no amulet)
                                (no ring)
                                (no ring)

@: mighty, lethally poisoned (-3 -> -6)
A: permanent stasis, dig shafts and tunnels, four strong arms, antennae 3
a: Dig, Shaft Self


You were on level 3 of the Dungeon.
You were not hungry.

You visited 1 branch of the dungeon, and saw 3 of its levels.

You collected 113 gold pieces.

Inventory:

Hand Weapons
 a - a +0 war axe (weapon)
Armour
 b - a +0 scale mail (worn)
 c - a +0 shield (worn)
Jewellery
 m - an uncursed amulet of dismissal {unknown}
Scrolls
 e - a scroll of remove curse {unknown}
 h - 2 scrolls of identify {unknown}
 l - a scroll of random uselessness {unknown}
Potions
 d - 2 potions of might
 j - a potion of lignification {unknown}
 k - 3 potions of haste {unknown}
Comestibles
 f - 3 bread rations
 g - 2 chunks of flesh
 i - a meat ration


   Skills:
 - Level 3.4 Fighting
 + Level 4.2 Axes
 - Level 3.5 Armour
 - Level 3.7 Shields


You had 3 spell levels left.
You didn't know any spells.

Dungeon Overview and Level Annotations

Branches:
Dungeon (3/15)

Altars:
Sif Muna

Annotations:
D:3 Naow's ghost, amateur FoFi


Innate Abilities, Weirdness & Mutations

You are under a permanent stasis effect.
You can dig through walls and to a lower floor.
Your four strong arms can wield two-handed weapons with a shield.
You have a pair of large antennae on your head. (SInv)


Message History

No target in view!
No target in view!
No target in view!
No target in view!
No target in view!
No target in view!
You feel sick.
Naow's ghost (amateur Formicid Fighter) comes into view.
Naow's ghost turns its malevolent gaze towards you.
Naow's ghost is nearby!
You feel sick.
Naow's ghost shouts, "You will join me soon!"
You block Naow's ghost's attack.
Your scale mail prevents you from hitting Naow's ghost.
Naow's ghost hits you.
You completely miss Naow's ghost.
You feel sick. Naow's ghost hits you! You block Naow's ghost's attack.
You feel very mighty all of a sudden. Naow's ghost hits you!
You die...

###### ###.#.#
...... .#.<..
......# #...###
....... #.....
.......######.#.###
#.....W@..#.......#
#......##.###...#.#
#...... #...)..<..#
.......
######..#.....#
.#..... ....# ###.#
#..... ####.#
#..... ..) #.##..
#.## #.#


You could see Naow's ghost.

Vanquished Creatures
  An adder (D:2)
  3 oozes
  A worm (D:2)
  2 dart slugs
  A giant cockroach (D:1)
  5 goblins (D:1)
  10 hobgoblins
  7 kobolds
  A ball python (D:1)
  9 bats
  4 frilled lizards
  12 rats
56 creatures vanquished.

Notes
Turn   | Place    | Note
-------+----------+-------------------------------------------
     0 | D:1      | Naow the Formicid Fighter began the quest for the Orb.
     0 | D:1      | Reached XP level 1. HP: 18/18 MP: 1/1
   114 | D:1      | Reached XP level 2. HP: 22/24 MP: 2/2
   294 | D:1      | Reached XP level 3. HP: 29/29 MP: 3/3
   313 | D:1      | Reached skill level 3 in Axes
   882 | D:2      | Reached XP level 4. HP: 35/35 MP: 4/4
  1000 | D:2      | Reached skill level 4 in Axes
  1238 | D:2      | Found a deep blue altar of Sif Muna.
  1536 | D:3      | Noticed Naow's ghost (amateur FoFi)
  1540 | D:3      | Slain by Naow's ghost

Vault maps used:
D:1:      dpeg_arrival_subterranean_lakeside_camping, minmay_misc_feat_ornament
D:2:      marbit_many_paths
D:3:      gammafunk_temple_overflow_elements, serial_co_window_serial,
          co_window_paths_a, co_window_of_opportunity_a, co_window_paths_b,
          co_window_paths_a, co_window_corner_a, co_window_unsneaky_path_d,
          co_window_paths_c, co_window_of_opportunity_c, co_window_corner_b,
          co_window_corner_ca, co_window_cross_2, co_window_paths_e,
          glass_columns_a

Skill      XL: |  1  2  3  4 |
---------------+-------------+-----
Axes           | 3 4 |  4.2
Fighting       | |  3.4
Armour         | |  3.5
Shields        | |  3.7

Action                   |  1- 3 |  4- 6 || total
-------------------------+-------+-------++-------
Melee: War axe           |    91 |    69 ||   160
  Use: Potion            |       |     1 ||     1
  Eat: Chunk             |       |     2 ||     2
Armor: Scale mail        |    38 |    24 ||    62
Dodge: Dodged            |    35 |    20 ||    55
Block: Shield            |    57 |    35 ||    92
